 Dungeon Crawl Stone Soup version 0.31-a0-1010-g5322dac6a2 (webtiles) character file.

Game seed: 1826059176429361571

870 kae the Vexing (level 7, -2/46 HPs)
             Began as a Demonspawn Enchanter on Nov 16, 2023.
             Was an Initiate of Dithmenos.
             Slain by an ogre
             ... wielding a +0 giant club
              (5 damage)
             ... on level 5 of the Dungeon.
             The game lasted 00:04:11 (4117 turns).

kae the Vexing (Demonspawn Enchanter)               Turns: 4117, Time: 00:04:12

Health: -2/46      AC:  6    Str: 10    XL:     7   Next: 73%
Magic:  1/12       EV: 12    Int: 16    God:    Dithmenos [......]
Gold:   209        SH:  0    Dex: 14    Spells: 2/13 levels left

rFire   . . .        a - +1 dagger (venom)
rCold   . . .        (no shield)
rNeg    + . .        b - +0 robe
rPois   .            (no helmet)
rElec   .            (no cloak)
rCorr   .            (no gloves)
SInv    .            (no boots)
Will    .....        (no amulet)
Stlth   +++          O - +4 ring of protection
HPRegen 0.27/turn    N - ring of positive energy
MPRegen 0.26/turn

%: no passive effects
@: mighty, very slightly contaminated
A: powered by pain 1, magic regeneration, weakness stinger 2
a: Renounce Religion


You were on level 5 of the Dungeon.
You worshipped Dithmenos.
Dithmenos was noncommittal.
You visited 2 branches of the dungeon, and saw 6 of its levels.

You collected 209 gold pieces.


Innate Abilities, Weirdness & Mutations

You sometimes gain a little power by taking damage.
You regenerate magic rapidly.
You have a tail ending in a sharp stinger.


   Skills:
 * Level 4.2 Short Blades
 - Level 1.7 Dodging
 + Level 4.3 Stealth
 + Level 3.5 Spellcasting
 * Level 5.6 Hexes
 + Level 2.6 Ice Magic


You had 2 spell levels left.
You knew the following spells:

 Your Spells              Type           Power      Damage    Failure   Level
a - Ensorcelled Hibernat  Hex/Ice        30%        N/A       4%          2
b - Confusing Touch       Hex            20%        N/A       5%          3
c - Tukima's Dance        Hex            20%        N/A       5%          3
d - Dazzling Flash        Conj/Hex       22%        N/A       17%         3

Your spell library contained the following spells:

 Spells                   Type           Power      Damage    Failure   Level
 Jinxbite                 Hex            40%        N/A       2%          2
 Anguish                  Hex/Necr       5%         N/A       50%         4

Inventory:

Hand Weapons
 a - a +1 dagger of venom (weapon)
 m - a +2 short sword of speed
   (You took it off an orc on level 4 of the Dungeon)
Missiles
 j - 47 stones
Armour
 b - a +0 robe (worn)
Jewellery
 C - a ring of protection from cold
   (You found it on level 5 of the Dungeon)
 N - a ring of positive energy (right hand)
   (You found it on level 3 of the Dungeon)
 O - a +4 ring of protection (left hand)
   (You found it on level 1 of the Dungeon)
Wands
 l - a wand of flame (18)
   (You found it on level 3 of the Dungeon)
Scrolls
 e - 4 scrolls of revelation
 f - a scroll of brand weapon
 h - a scroll of torment {unknown}
 n - a scroll of enchant armour {unknown}
 o - a scroll of noise {unknown}
 p - a scroll of identify {unknown}
 q - a scroll of poison {unknown}
Potions
 c - 2 potions of invisibility
 d - a potion of mutation {unknown}
 g - 3 potions of enlightenment {unknown}
 i - a potion of degeneration {unknown}
 k - 4 potions of curing {unknown}
 r - a potion of resistance {unknown}

Dungeon Overview and Level Annotations

Branches:
Dungeon (5/15) Zot: 25880  Temple (1/1) D:4 Zot: 5998

Altars:
Cheibriados
Dithmenos
Fedhas
Gozag
Makhleb
Qazlal
Trog
Vehumet
Wu Jian
Xom
Yredelemnul

#### ...#########
##.#.......#
#.#.#####.#
#.#.#####.####
#.#.##.......#
#.#.#......#.#####.#...
#.#.#..##......@O....#
##.#.#.........##$....#
...#.#..##.###.# #...##
####.......# #.# #.## #
###.....# #.# .# #
##.##.# #.# # #.##.#
#.# ##+## ##
#.##.###.###...## .. ##
#......>.##.....##
####.


You could see an ogre.


Message History

Search for what [Enter for "dith", or ? for help]? dith
There is a shadowy altar of Dithmenos here.
You kneel at the altar of Dithmenos.
Dithmenos welcomes you!
You open the door.
There is an open door here.
Found a stone staircase leading down.
There is a stone staircase leading down here.
You now have 201 gold pieces (gained 14).
Key pressed, stopping explore.
Unknown command.
C - a ring of protection from cold You open the door.
There is an open door here.
You now have 209 gold pieces (gained 8).
You open the door.
There is an open door here.
k - 4 pink potions (gained 1)
Found a stone staircase leading down.
No target in view!
No target in view!
A sleepcap comes into view.
A sleepcap is nearby!
Okay, then.
A sleepcap is nearby!
A sleepcap is nearby!
The helpless sleepcap fails to defend itself.
You impale the sleepcap!!
You destroy the sleepcap!
Dithmenos accepts your kill.
No target in view!
An ogre comes into view. It is wielding a +0 giant club.
An ogre is nearby!
The ogre shouts!
An ogre is nearby!
You barely miss the ogre.
The ogre hits you with a +0 giant club!! 😮 HP[-18]
You take 18 damage, and now have 28/46 hp.
MASSIVE DAMAGE!! (PAUSE)
Casting: Ensorcelled Hibernation (safe; 4% risk of failure)
Confirm with . or Enter, or press ? or * to list all spells.
Aiming: Ensorcelled Hibernation (safe; 4% risk of failure)
Press: ? - help, Shift-Dir - straight line, f - ogre
Aim: an ogre, wielding a +0 giant club (chance to affect: 49%)
The ogre resists with some effort. 😮 MP[-2]
You lost 2 mp, and now have 10/12 mp.
Casting: Ensorcelled Hibernation (safe; 4% risk of failure)
Confirm with . or Enter, or press ? or * to list all spells.
Aiming: Ensorcelled Hibernation (safe; 4% risk of failure)
Press: ? - help, Shift-Dir - straight line, f/p - ogre
Aim: an ogre, wielding a +0 giant club (chance to affect: 49%)
The ogre resists with some effort.
The ogre hits you with a +0 giant club!
* * * LOW HITPOINT WARNING * * *
You focus on the pain.
You feel very mighty all of a sudden. 😨 HP[-16] MP[-2]
You take 16 damage, and now have 12/46 hp.
MASSIVE DAMAGE!! (PAUSE)
You lost 2 mp, and now have 8/12 mp.
Casting: Ensorcelled Hibernation (safe; 4% risk of failure)
Confirm with . or Enter, or press ? or * to list all spells.
Aiming: Ensorcelled Hibernation (safe; 4% risk of failure)
Press: ? - help, Shift-Dir - straight line, f/p - ogre
Aim: an ogre, wielding a +0 giant club (chance to affect: 49%)
The ogre resists with some effort.
The ogre hits you with a +0 giant club!
* * * LOW HITPOINT WARNING * * *
😱 HP[-7] MP[-2]
You take 7 damage, and now have 5/46 hp.
You lost 2 mp, and now have 6/12 mp.
Unknown command.
Casting: Ensorcelled Hibernation (safe; 4% risk of failure)
Confirm with . or Enter, or press ? or * to list all spells.
Aiming: Ensorcelled Hibernation (safe; 4% risk of failure)
Press: ? - help, Shift-Dir - straight line, f/p - ogre
Aim: an ogre, wielding a +0 giant club (chance to affect: 49%)
You miscast Ensorcelled Hibernation.
You are very lightly contaminated with residual magic.
Nothing appears to happen. 😱 MP[-1]
You lost 1 mp, and now have 5/12 mp.
Casting: Ensorcelled Hibernation (safe; 4% risk of failure)
Confirm with . or Enter, or press ? or * to list all spells.
Aiming: Ensorcelled Hibernation (safe; 4% risk of failure)
Press: ? - help, Shift-Dir - straight line, f/p - ogre
Aim: an ogre, wielding a +0 giant club (chance to affect: 49%)
The ogre resists with some effort.
The ogre hits you with a +0 giant club.
* * * LOW HITPOINT WARNING * * *
😱 HP[-2] MP[-2]
You take 2 damage, and now have 3/46 hp.
You lost 2 mp, and now have 3/12 mp.
Unknown command.
Casting: Ensorcelled Hibernation (safe; 4% risk of failure)
Confirm with . or Enter, or press ? or * to list all spells.
Aiming: Ensorcelled Hibernation (safe; 4% risk of failure)
Press: ? - help, Shift-Dir - straight line, f/p - ogre
Aim: an ogre, wielding a +0 giant club (chance to affect: 49%)
The ogre resists with some effort.
The ogre hits you with a +0 giant club.
You die...

Skill      XL: |  1  2  3  4  5  6  7 |
---------------+----------------------+-----
Short Blades   | 1 2 3 4 |  4.2
Stealth        | 3 4 |  4.3
Ice Magic      | 1 2 |  2.6
Hexes          | 4 5 |  5.6
Spellcasting   | 3 |  3.5
Dodging        | |  1.7

Action                     |  1- 3 |  4- 6 |  7- 9 || total
---------------------------+-------+-------+-------++-------
  Melee: Dagger            |   187 |   145 |    38 ||   370
         Punch             |     2 |     1 |     1 ||     4
         Tailslap          |       |    29 |     3 ||    32
   Cast: Ensorcelled Hiber |     4 |    18 |     7 ||    29
         Confusing Touch   |       |     1 |       ||     1
    Use: Scroll            |       |     5 |       ||     5
         Potion            |       |     1 |       ||     1
   Stab: Sleeping          |    14 |    15 |     2 ||    31
         Invisible         |       |     1 |       ||     1
         Confused          |       |     1 |       ||     1
 Armour: Robe              |    88 |    79 |    29 ||   196
  Dodge: Dodged            |   119 |    73 |    39 ||   231

Levels and vault maps discovered:
D:1:      mrwooster_arrival_arrow, layout_loops_ring
D:2:      layout_rooms
D:3:      layout_rooms, general_overflow_altar, dreamdust_ecumenical_altar_grove
D:4:      layout_basic, minmay_temple_entry_fiery
D:5:      layout_loops_corners, mainiacjoe_overflow_surrounded_room,
          mainiacjoe_overflow_chevrons, minmay_misc_feat_four_crosses,
          uniq_grinder
Temple:   grunt_temple_mini_profane

Notes
Turn   | Place    | Note
-------+----------+-------------------------------------------
     0 | D:1      | kae the Demonspawn Enchanter began the quest for the Orb.
     0 | D:1      | Reached XP level 1. HP: 13/13 MP: 3/3
     0 | D:1      | magus.rc [v1.11.3]
    11 | D:1      | Reached skill level 1 in Short Blades
   226 | D:1      | Gained mutation: You regenerate magic rapidly. [demonic
                  | ancestry]
   226 | D:1      | Reached XP level 2. HP: 18/19 MP: 5/5
   229 | D:1      | Learned a level 2 spell: Ensorcelled Hibernation
   612 | D:1      | Gained mutation: You sometimes gain a little power by
                  | taking damage. [demonic ancestry]
   612 | D:1      | Reached XP level 3. HP: 24/24 MP: 6/6
   633 | D:1      | Reached skill level 3 in Stealth
   966 | D:2      | HP: 4/24 [frozen (4)]
  1130 | D:2      | Gained mutation: You have a small tail. [demonic ancestry]
  1130 | D:2      | Reached XP level 4. HP: 29/30 MP: 4/7
  1163 | D:2      | Reached skill level 2 in Short Blades
  1535 | D:3      | Reached skill level 1 in Ice Magic
  1583 | D:3      | Found a faded altar of an unknown god.
  1908 | D:3      | Found a radiant altar of Vehumet.
  2216 | D:4      | Noticed a black bear
  2230 | D:4      | Reached skill level 4 in Hexes
  2244 | D:4      | Killed a black bear
  2245 | D:4      | Reached XP level 5. HP: 15/35 MP: 3/9
  2397 | D:4      | Noticed an ogre
  2409 | D:4      | Reached XP level 6. HP: 38/41 MP: 10/10
  2422 | D:4      | Reached skill level 3 in Short Blades
  2422 | D:4      | Reached skill level 3 in Spellcasting
  2865 | D:4      | Found a staircase to the Ecumenical Temple.
  2962 | Temple   | Entered the Ecumenical Temple
  2989 | D:5      | Entered Level 5 of the Dungeon
  3038 | D:5      | Noticed Grinder
  3166 | D:5      | Learned a level 3 spell: Confusing Touch
  3170 | D:5      | Learned a level 3 spell: Tukima's Dance
  3174 | D:5      | Learned a level 3 spell: Dazzling Flash
  3188 | D:5      | HP: 9/41 [Grinder (2)]
  3195 | D:5      | HP: 3/41 [Grinder (4)]
  3195 | D:5      | HP: 1/41 [Grinder (2)]
  3197 | D:5      | Killed Grinder
  3198 | D:5      | Reached skill level 4 in Stealth
  3198 | D:5      | Reached skill level 5 in Hexes
  3198 | D:5      | Reached skill level 2 in Ice Magic
  3198 | D:5      | Gained mutation: You have a tail ending in a sharp stinger.
                  | [demonic ancestry]
  3198 | D:5      | Reached XP level 7. HP: 2/46 MP: 11/11
  3572 | D:5      | Reached skill level 4 in Short Blades
  3824 | D:5      | Found a shadowy altar of Dithmenos.
  3846 | D:5      | You pick up a book of Dreams and begin reading...
  3846 | D:5      | You add the spells Jinxbite and Anguish to your library.
  3887 | D:5      | Became a worshipper of Dithmenos the Shadowed
  4114 | D:5      | HP: 5/46 [ogre/+0 giant club (8)]
  4117 | D:5      | Slain by an ogre

Vanquished Creatures
  Grinder (D:5)
  A black bear (D:4)
  An ogre (D:4)
  3 scorpions
  2 hounds
  2 jellies (D:5)
  A sleepcap (D:5)
  An iguana (D:4)
  3 adders
  2 ufetubi (D:5)
  2 worms (D:2)
  3 dart slugs
  8 orcs
  4 bats
  11 endoplasms
  7 goblins
  6 hobgoblins
  12 jackals
  2 quokkas (D:2)
  7 ball pythons
  2 frilled lizards (D:1)
  5 kobolds
  7 rats
93 creatures vanquished.

Table legend:
 A = Non-vault XP
 B = Vault XP
 C = Vault XP percentage of total XP
 D = Non-vault monster count
 E = Vault monster count
 F = Vault count percentage of total count
                 A         B        C        D         E       F
            +---------+---------+-------+---------+---------+-------
      Total |     972 |     272 |  21.9 |      92 |       1 |   1.1
            +---------+---------+-------+---------+---------+-------
        D:1 |      58 |       0 |   0.0 |      32 |       0 |   0.0
        D:2 |      68 |       0 |   0.0 |      21 |       0 |   0.0
        D:3 |      45 |       0 |   0.0 |      16 |       0 |   0.0
        D:4 |     447 |       0 |   0.0 |      14 |       0 |   0.0
        D:5 |     354 |     272 |  43.5 |       9 |       1 |  10.0
            +---------+---------+-------+---------+---------+-------

Skill      XL: |  1  2  3  4  5  6  7 |
---------------+----------------------+-----
Short Blades   | 1 2 3 4 |  4.2
Stealth        | 3 4 |  4.3
Ice Magic      | 1 2 |  2.6
Hexes          | 4 5 |  5.6
Spellcasting   | 3 |  3.5
Dodging        | |  1.7

Action                     |  1- 3 |  4- 6 |  7- 9 || total
---------------------------+-------+-------+-------++-------
  Melee: Dagger            |   187 |   145 |    38 ||   370
         Punch             |     2 |     1 |     1 ||     4
         Tailslap          |       |    29 |     3 ||    32
   Cast: Ensorcelled Hiber |     4 |    18 |     7 ||    29
         Confusing Touch   |       |     1 |       ||     1
    Use: Scroll            |       |     5 |       ||     5
         Potion            |       |     1 |       ||     1
   Stab: Sleeping          |    14 |    15 |     2 ||    31
         Invisible         |       |     1 |       ||     1
         Confused          |       |     1 |       ||     1
 Armour: Robe              |    88 |    79 |    29 ||   196
  Dodge: Dodged            |   119 |    73 |    39 ||   231

Illustrated notes

Table legend:
 A = Kills in this place as a percentage of kills in the entire game.
 B = Kills by you in this place as a percentage of kills by you in the entire game.
 C = Kills by friends in this place as a percentage of kills by friends in the entire game.
 D = Other kills in this place as a percentage of other kills in the entire game.
 E = Experience gained in this place as a percentage of experience gained in the entire game.
 F = Experience gained in this place divided by the number of levels of this place that you have seen.
                   A       B       C       D       E      F
               +-------+-------+-------+-------+-------+----------------------
         Total | 100.0 | 100.0 |   N/A |   N/A | 100.0 | 207.3
       Dungeon | 100.0 | 100.0 |   N/A |   N/A | 100.0 | 248.8
               +-------+-------+-------+-------+-------+----------------------

Table legend: (Time is in decaauts)
 A = Elapsed time spent in this place.
 B = Non-inter-level travel time spent in this place.
 C = Inter-level travel time spent in this place.
 D = Time resting spent in this place.
 E = Time spent auto-exploring this place.
 F = Levels seen in this place.
 G = Mean time per level.
                   A        B        C        D        E       F      G
               +--------+--------+--------+--------+--------+-----+--------+
         Total |   4076 |   3933 |    143 |    292 |   2804 |   6 |  679.3 |
       Dungeon |   4074 |   3933 |    141 |    292 |   2804 |   5 |  814.8 |
        Temple |      1 |      0 |      1 |      0 |      0 |   1 |    1.0 |
               +--------+--------+--------+--------+--------+-----+--------+

Top non-repeatable levels by time:
     D:5: 1115 daAuts
     D:4: 848 daAuts
     D:1: 836 daAuts
     D:2: 658 daAuts
     D:3: 616 daAuts
  Temple: 1 daAuts
